 Dungeon Crawl Stone Soup version 0.28.0-45-g0d030f2227 (webtiles) character file.

Game seed: 15174042366549571575

86 pkoi the Stinger (level 4, 0/33 HPs)
             Began as a Demigod Venom Mage on Apr 25, 2022.
             Slain by a centaur (5 damage)
             ... on level 3 of the Dungeon.
             The game lasted 00:03:10 (3822 turns).

pkoi the Stinger (Demigod Venom Mage)               Turns: 3822, Time: 00:03:10

Health: 0/33       AC:  2    Str:  9    XL:     4   Next: 6%
Magic:  5/9        EV: 12    Int: 21    God:
Gold:   117        SH:  0    Dex: 20    Spells: 2/6 levels left

rFire   . . .      SeeInvis .   e - +3 dagger
rCold   . . .      Faith    .   (no shield)
rNeg    . . .      Spirit   .   a - +0 robe
rPois   .          Reflect  .   (no helmet)
rElec   .          Harm     .   (no cloak)
rCorr   .          Rampage  .   (no gloves)
Will    .....                   (no boots)
Stlth   ++........              (no amulet)
HPRegen 0.11/turn               h - +6 ring of dexterity
MPRegen 0.11/turn               (no ring)

@: no status effects
A: high MP 1, forlorn, divine attributes
a: no special abilities


You were on level 3 of the Dungeon.
You visited 1 branch of the dungeon, and saw 3 of its levels.

You collected 117 gold pieces.

Inventory:

Hand Weapons
 b - a +0 club
 d - a +0 dagger
 e - a +3 dagger (weapon)
 k - a +2 dagger of protection
Armour
 a - a +0 robe (worn)
Jewellery
 h - a +6 ring of dexterity (left hand)
 o - a +4 ring of evasion
Scrolls
 i - a scroll of immolation {unknown}
 m - a scroll of magic mapping {unknown}
 n - 2 scrolls of fog {unknown}
Potions
 c - 2 potions of might {unknown}
 f - a potion of haste {unknown}
 g - 2 potions of curing {unknown}
 j - a potion of heal wounds {unknown}
 l - a potion of brilliance {unknown}


   Skills:
 - Level 1.7 Dodging
 - Level 1.7 Stealth
 + Level 2.4 Unarmed Combat
 - Level 1.7 Spellcasting
 + Level 0.0 Translocations
 + Level 0.9 Transmutations
 + Level 3.8 Poison Magic


You had 2 spell levels left.
You knew the following spells:

 Your Spells              Type           Power      Damage    Failure   Level
a - Sting                 Tmut/Pois      44%        1d5       6%          1
b - Poisonous Vapours     Pois/Air       18%        N/A       11%         2
c - Apportation           Tloc           2%         N/A       16%         1

Your spell library contained the following spells:

 Spells                   Type           Power      Damage    Failure   Level
 Beastly Appendage        Tmut           10%        N/A       11%         1
 Animate Skeleton         Necr           2%         N/A       16%         1
 Summon Small Mammal      Summ           4%         N/A       16%         1
 Wereblood                Tmut           5%         N/A       16%         2
 Spider Form              Tmut/Pois      11%        N/A       17%         3
 Mephitic Cloud           Conj/Pois/Air  7%         N/A       26%         3
 Olgreb's Toxic Radiance  Pois           17%        N/A       30%         4


Dungeon Overview and Level Annotations

Branches:
Dungeon (3/15)


Innate Abilities, Weirdness & Mutations

You have an increased reservoir of magic. (+10% MP)
You shall have no god before yourself.
Your divine heritage dramatically boosts your attributes as you level up.


Message History

The centaur hits you.
* * * LOW HITPOINT WARNING * * *
The centaur closely misses you.
Unknown command.
Aiming: Sting (safe; 6% risk of failure)
Press: ? - help, Q - select action, (/) - cycle Shift-Dir - straight line, f - kobold, p - centaur
Aim: a kobold, wielding a +1 short sword of venom (64% to hit)
The sting hits the centaur but does no damage.
The centaur looks even sicker.
The centaur misses you. x2; The centaur hits you.
* * * LOW HITPOINT WARNING * * *
The centaur closely misses you.
Unknown command.
Aiming: Sting (safe; 6% risk of failure)
Press: ? - help, Q - select action, (/) - cycle Shift-Dir - straight line, f/p - kobold
Aim: a kobold, wielding a +1 short sword of venom (64% to hit)
The sting hits the centaur.
The centaur looks even sicker.
The centaur is lightly wounded.
The centaur hits you.
* * * LOW HITPOINT WARNING * * *
The centaur barely misses you.
Aiming: Sting (safe; 6% risk of failure)
Press: ? - help, Q - select action, (/) - cycle Shift-Dir - straight line, f/p - kobold
Aim: a kobold, wielding a +1 short sword of venom (64% to hit)
The sting misses the centaur.
The sting hits the kobold but does no damage.
The kobold is poisoned.
The centaur hits you.
* * * LOW HITPOINT WARNING * * *
The centaur kicks you but does no damage.
The giant cockroach bites you.
* * * LOW HITPOINT WARNING * * *
The centaur closely misses you. The centaur kicks you.
* * * LOW HITPOINT WARNING * * *
The giant cockroach misses you.
You hit the giant cockroach.
You punch the giant cockroach, but do no damage.
The giant cockroach is almost dead.
The centaur hits you.
You die...

#.# #. #.B #. ##
#.# . ..# #.##.#
#.# #..#.# #.#
#...# #.###.B##
#####......@#
#..........#c#
###.#.......##K#
.. ..........#.#
.. . .#
###.###.#.#..###.
.###. .#####
#.#...#.. #.
..##. .##..
#.###.##)# ..
#.##. .##.# #.#
#..### ## #.##.
.##.# #.# ...
#.##.


You could see a centaur (very poisoned), a giant cockroach and a kobold
(poisoned).

Vanquished Creatures
  2 adders
  A worm (D:2)
  3 dart slugs
  7 endoplasms
  3 giant cockroaches
  7 goblins
  2 hobgoblins
  4 jackals (D:1)
  4 kobolds
  A quokka (D:1)
  4 ball pythons
  7 bats
  5 frilled lizards
  4 rats
54 creatures vanquished.

Notes
Turn   | Place    | Note
-------+----------+-------------------------------------------
     0 | D:1      | pkoi the Demigod Venom Mage began the quest for the Orb.
     0 | D:1      | Reached XP level 1. HP: 14/14 MP: 5/5
   458 | D:1      | Reached skill level 3 in Poison Magic
   500 | D:1      | Reached skill level 1 in Unarmed Combat
   665 | D:1      | Reached XP level 2. HP: 15/20 MP: 2/7
  1761 | D:1      | Reached XP level 3. HP: 16/26 MP: 1/8
  1981 | D:1      | Learned a level 2 spell: Poisonous Vapours
  2788 | D:2      | Learned a level 1 spell: Apportation
  3471 | D:3      | Reached XP level 4. HP: 33/33 MP: 5/9
  3813 | D:3      | Noticed a centaur
  3822 | D:3      | Slain by a centaur

Illustrated notes

Levels and vault maps discovered:
D:1:      lemuel_arrival_rhombus, layout_basic, ebering_ecumenical_altar_box
D:2:      layout_loops_cross
D:3:      layout_loops_ring, minmay_ruptured

Skill      XL: |  1  2  3 |
---------------+----------+-----
Poison Magic   | 3 |  3.8
Unarmed Combat | 1 2 |  2.4
Dodging        | |  1.7
Stealth        | |  1.7
Spellcasting   | |  1.7
Transmutations | |  0.9

Action                   |  1- 3 |  4- 6 || total
-------------------------+-------+-------++-------
Melee: Club              |     1 |       ||     1
       Dagger            |    22 |     2 ||    24
       Punch             |       |     2 ||     2
 Cast: Sting             |    94 |    13 ||   107
Armor: Robe              |    12 |     2 ||    14
Dodge: Dodged            |    49 |    15 ||    64
